AoeStats
← Fluvialgeomorphologist

Nomad

510246519Analyzed
3v3 RM · 2d ago on Sep 30, 2026· 50m 33s· 6 players
Game mode
Random Map
Map size
210×210
Population
200
Speed
Normal
Resources
Standard
Victory
Conquest
Starting age
Dark Age
Ending age
Imperial Age
RankedLock teamsTeams togetherTeam positionsShared explorationLock speedFull tech treeHidden civsTurbo modeCheats
Victory
Defeat
🇺🇸 Armenians · United States
971
+15
🇺🇸 Georgians · United States
928
+17
🇺🇸 Persians · United States
924
+17
🇲🇽 Italians · Mexico
980
-18
🇲🇽 Wu · Mexico
961
-17
🇲🇽 Teutons · Mexico
883
-14
kimp
7:51 Loom
14:40 Feudal Age
15:22 Double-Bit Axe
16:38 Horse Collar
16:51 Fishing Lines
17:19 Man-at-Arms
29:27 Castle Age
28:45 Forging
28:36 Scale Mail Armor
29:18 Elite Skirmisher
29:21 Long Swordsman
30:11 Gillnets
30:33 Heavy Plow
30:44 Bow Saw
33:09 Wheelbarrow
32:42 Stone Mining
32:44 Gold Mining
34:05 Gambesons
33:48 Pikeman
34:28 Squires
35:11 Hand Cart
35:57 Stone Shaft Mining
35:58 Gold Shaft Mining
36:56 Padded Archer Armor
36:46 Fletching
37:32 Iron Casting
37:12 Chain Mail Armor
40:23 Husbandry
41:40 Scale Barding Armor
41:31 Bodkin Arrow
47:20 Chain Barding Armor
Fluvialgeomorphologist
14:52 Feudal Age
13:07 Loom
19:09 Castle Age
16:54 Horse Collar
17:14 Double-Bit Axe
18:25 Stone Mining
20:34 Bow Saw
21:19 Horse Collar
25:52 Wheelbarrow
26:38 Gold Mining
27:03 Forging
29:01 Hand Cart
31:02 Iron Casting
30:33 Scale Barding Armor
31:27 Husbandry
31:38 Bloodlines
37:27 Imperial Age
35:17 Pikeman
37:27 Fletching
37:37 Padded Archer Armor
37:38 Scale Mail Armor
38:21 Capped Ram
38:40 Man-at-Arms
39:06 Gambesons
39:22 Squires
40:37 Onager
41:30 Halberdier
41:46 Elite Skirmisher
42:36 Siege Onager
42:38 Siege Ram
48:53 Chemistry
47:59 Siege Engineers
47:49 Elite Monaspa
48:39 Light Cavalry
49:43 Conscription
abnsn
4:45 Loom
14:12 Feudal Age
15:03 Man-at-Arms
16:22 Scale Mail Armor
16:25 Long Swordsman
33:00 Castle Age
32:23 Horse Collar
32:32 Double-Bit Axe
33:54 Medium Warships
34:22 Two-Handed Swordsman
35:13 Champion
35:38 Gambesons
39:18 Fletching
46:19 Ballistics
Elessar
4:04 Loom
17:14 Feudal Age
17:50 Gold Mining
19:21 Wheelbarrow
21:00 Double-Bit Axe
24:04 Stone Mining
33:31 Castle Age
31:48 Horse Collar
35:40 Hand Cart
35:48 Bow Saw
35:20 Pikeman
36:01 Squires
35:46 Arson
37:40 Town Watch
44:55 Imperial Age
LaParca
6:37 Loom
17:29 Feudal Age
20:52 Fishing Lines
21:18 Double-Bit Axe
23:34 Fletching
23:46 Padded Archer Armor
26:54 Castle Age
25:30 Wheelbarrow
24:41 Town Watch
26:28 Stone Mining
28:11 Bodkin Arrow
28:38 Bow Saw
32:17 Leather Archer Armor
41:32 Ballistics
makoen07
11:26 Loom
15:06 Feudal Age
15:32 Fishing Lines
15:43 Double-Bit Axe
24:20 Castle Age
23:39 Stone Mining
23:40 Gold Mining
26:02 Stone Shaft Mining
26:04 Gold Shaft Mining
25:46 Fletching
25:57 Padded Archer Armor
26:50 Wheelbarrow
26:10 Gillnets
28:07 Hand Cart
28:29 Medium Warships
29:27 Town Watch
31:16 Bodkin Arrow
31:36 Leather Archer Armor
37:00 Imperial Age
35:13 Bow Saw
35:06 Pikeman
35:49 Squires
39:47 Town Patrol
41:02 Heavy Warships
41:39 Conscription
46:36 Bracer
49:27 Masonry
49:38 Ballistics
50:18 Chemistry
Connection lost

Rejoining the realm…

Still unreachable

The connection could not be restored.

Session expired

The server has moved on; the page needs a fresh start.